 Dungeon Crawl Stone Soup version 0.31-a0-1352-gc98d92de7d (webtiles) character file.

Game seed: 6588172518310239417

1275 graki42 the Reanimator (level 8, -4/41 HPs)
             Began as a Deep Elf Necromancer on Dec 22, 2023.
             Slain by an ogre
             ... wielding a +0 giant club
              (31 damage)
             ... on level 5 of the Dungeon.
             The game lasted 00:13:55 (4568 turns).

graki42 the Reanimator (Deep Elf Necromancer)       Turns: 4568, Time: 00:13:56

Health: -4/41      AC:  6    Str:  7    XL:     8   Next: 28%
Magic:  6/23       EV: 13    Int: 21    God:
Gold:   240        SH:  0    Dex: 15    Spells: 13/26 levels left

rFire   . . .        d - +0 dagger (elec)
rCold   . . .        (no shield)
rNeg    . . .        a - +0 robe
rPois   .            (no helmet)
rElec   .            v - +0 cloak
rCorr   .            p - +2 pair of gloves {Stlth+}
SInv    .            (no boots)
Will    .....        (no amulet)
Stlth   +++          j - +4 ring of slaying
HPRegen 0.26/turn    (no ring)
MPRegen 0.18/turn

%: no passive effects
@: animating dead
A: no striking features
a: no special abilities


You were on level 5 of the Dungeon.
You visited 1 branch of the dungeon, and saw 5 of its levels.

You collected 240 gold pieces.

Inventory:

Hand Weapons
 d - a +0 dagger of electrocution (weapon)
Armour
 a - a +0 robe (worn)
 p - a +2 pair of gloves of stealth (worn)
 v - a +0 cloak (worn)
Jewellery
 j - a +4 ring of slaying (left hand)
 t - an amulet of faith
 y - a ring of magical power
Scrolls
 c - 3 scrolls of teleportation {unknown}
 e - a scroll of vulnerability {unknown}
 g - a scroll of fog {unknown}
 h - 3 scrolls of identify {unknown}
 i - a scroll of fear {unknown}
 m - a scroll of blinking {unknown}
 r - a scroll of torment {unknown}
 s - a scroll of enchant armour {unknown}
 w - a scroll of enchant weapon {unknown}
 A - a scroll of poison {unknown}
Potions
 b - a potion of magic
 f - a potion of curing {unknown}
 k - a potion of degeneration {unknown}
 l - a potion of enlightenment
 n - a potion of haste {unknown}
 o - 2 potions of invisibility {unknown}
 q - 3 potions of berserk rage {unknown}
 u - a potion of brilliance {unknown}
 x - a potion of heal wounds {unknown}
 z - a potion of might {unknown}


   Skills:
 - Level 3.0 Dodging
 - Level 3.0 Stealth
 + Level 9.5 Spellcasting
 + Level 9.7 Necromancy


You had 13 spell levels left.
You knew the following spells:

 Your Spells              Type           Power      Damage    Failure   Level
a - Necrotise             Necr           100%       1d9       1%          1
b - Vampiric Draining     Necr           50%        2d9       1%          3
c - Animate Dead          Necr           50%        N/A       1%          4
d - Agony                 Necr           50%        N/A       3%          5

Your spell library contained the following spells:

 Spells                   Type           Power      Damage    Failure   Level
 Dazzling Flash           Conj/Hex       20%        N/A       21%         3
 Mephitic Cloud           Conj/Alch/Air  10%        N/A       21%         3
 Silence                  Hex/Air        5%         N/A       88%         5


Dungeon Overview and Level Annotations

Branches:
Dungeon (5/15)
 Temple: D:4-7

Altars:
Uskayaw
Wu Jian
The Shining One

Annotations:
D:5 Dowan


Message History

An ogre comes into view. It is wielding a +0 giant club.
Casting: Necrotise (safe; 1% risk of failure)
Confirm with . or Enter, or press ? or * to list all spells.
Aiming: Necrotise (safe; 1% risk of failure)
Press: ? - help, Shift-Dir - straight line, f/p - black bear
Aim: a black bear (severely wounded, berserk, chance to affect: 83%)
Okay, then.
Casting: Necrotise (safe; 1% risk of failure)
Confirm with . or Enter, or press ? or * to list all spells.
Aiming: Vampiric Draining (safe; 1% risk of failure)
Press: ? - help, Shift-Dir - straight line, f/p - black bear
Aim: a black bear (severely wounded, berserk)
You draw life force from the black bear!
You kill the black bear!
You feel life coursing into your body.
Unknown command.
You see here a black bear corpse.
Casting: Vampiric Draining (safe; 1% risk of failure)
Confirm with . or Enter, or press ? or * to list all spells.
You call upon the dead to rise.
The ogre hits you with a +0 giant club!!
Ouch! That really hurt!
Unknown command.
Unknown command.
Casting: Animate Dead (dangerous; 1% risk of failure)
Confirm with . or Enter, or press ? or * to list all spells.
Aiming: Vampiric Draining (safe; 1% risk of failure)
Press: ? - help, Shift-Dir - straight line, f - ogre
Aim: an ogre, wielding a +0 giant club You draw life force from the ogre!
You feel life coursing into your body!
Unknown command.
Casting: Vampiric Draining (safe; 1% risk of failure)
Confirm with . or Enter, or press ? or * to list all spells.
Aiming: Vampiric Draining (safe; 1% risk of failure)
Press: ? - help, Shift-Dir - straight line, f/p - ogre
Aim: an ogre, wielding a +0 giant club (heavily wounded)
You draw life force from the ogre.
You feel life coursing into your body.
The ogre hits you with a +0 giant club!!
Ouch! That really hurt!
You die...

.. .# ..##. .....
.. ####### .[....
...##.....##...#
...............##.
..........@O).....
####...##......
######...# .....
#.. #........+
.... ##..
#........# ...
+... #........# ..
#.>. #........# .
#.. #........#
..##.. ###'###...#
......


You could see an ogre.

Vanquished Creatures
  Sigmund (D:5)
  Edmund (D:4)
  An acid dragon (D:4)
  Duvessa (D:5)
  A black bear (D:5)
  An ice beast (D:5)
  A scorpion (D:5)
  5 killer bees (D:4)
  A howler monkey (D:4)
  An orc priest (D:3)
  A hound (D:5)
  8 adders
  3 gnolls (D:5)
  A shadow imp (D:5)
  2 bombardier beetles
  2 ufetubi (D:5)
  2 worms
  7 dart slugs
  7 orcs
  4 endoplasms (D:1)
  5 giant cockroaches
  7 goblins
  4 hobgoblins
  4 quokkas (D:1)
  4 ball pythons
  3 bats
  8 frilled lizards
  6 kobolds
  2 rats
94 creatures vanquished.

Vanquished Creatures (collateral kills)
  A goblin (D:1)
  A rat (D:3)
2 creatures vanquished.

Grand Total: 96 creatures vanquished

Notes
Turn   | Place    | Note
-------+----------+-------------------------------------------
     0 | D:1      | graki42 the Deep Elf Necromancer began the quest for the
                  | Orb.
     0 | D:1      | Reached XP level 1. HP: 10/10 MP: 6/6
   287 | D:1      | Reached skill level 5 in Necromancy
   287 | D:1      | Reached XP level 2. HP: 15/15 MP: 5/8
   723 | D:1      | Reached XP level 3. HP: 14/19 MP: 3/10
  1015 | D:2      | Learned a level 3 spell: Vampiric Draining
  1214 | D:2      | Found a faded altar of an unknown god.
  1580 | D:2      | Reached XP level 4. HP: 12/24 MP: 8/12
  2208 | D:3      | Found a glowing golden altar of the Shining One.
  2208 | D:3      | Found an ornate altar of the Wu Jian Council.
  2301 | D:3      | Found a hide-covered altar of Uskayaw.
  2408 | D:3      | Reached skill level 5 in Spellcasting
  2474 | D:3      | Reached XP level 5. HP: 28/28 MP: 5/14
  2811 | D:3      | Learned a level 4 spell: Animate Dead
  2817 | D:3      | Learned a level 5 spell: Agony
  2945 | D:4      | Noticed Edmund
  3069 | D:4      | Identified the +9 long sword "Dolo" {venom, ^Fragile rC++
                  | Int-4 SInv}
  3075 | D:4      | Killed Edmund
  3076 | D:4      | Reached XP level 6. HP: 17/32 MP: 4/17
  3283 | D:4      | Reached XP level 7. HP: 18/36 MP: 12/19
  3808 | D:5      | Entered Level 5 of the Dungeon
  3896 | D:5      | Noticed Dowan
  3897 | D:5      | Noticed Duvessa
  3898 | D:5      | Noticed Sigmund
  4361 | D:5      | Killed Duvessa
  4362 | D:5      | Reached XP level 8. HP: 31/41 MP: 14/22
  4430 | D:5      | Killed Sigmund
  4568 | D:5      | Slain by an ogre

Illustrated notes

Levels and vault maps discovered:
D:1:      lightli_arrival_isolated_outpost, layout_basic
D:2:      minmay_skewed_foursquare, layout_rooms,
          dreamdust_ecumenical_altar_hidden_monk_grotto, nrook_mini_backslash,
          dk_vineyard_2, minmay_lizard_king
D:3:      layout_basic, chequers_temple_overflow_statue_of_worship,
          lemuel_tele_altar
D:4:      layout_rooms, minmay_misc_feat_x, uniq_edmund
D:5:      layout_gridville, roderic_serpentine_path, uniq_sigmund, uniq_duvessa

Skill      XL: |  1  2  3  4  5  6  7  8 |
---------------+-------------------------+-----
Necromancy     | 5 6 7 9 |  9.7
Dodging        | 3 |  3.0
Stealth        | 3 |  3.0
Spellcasting   | 4 5 6 7 8 9 |  9.5

Action                     |  1- 3 |  4- 6 |  7- 9 || total
---------------------------+-------+-------+-------++-------
  Melee: Dagger            |    19 |       |     7 ||    26
         Punch             |       |       |     1 ||     1
   Cast: Necrotise         |    59 |    81 |    63 ||   203
         Vampiric Draining |       |     8 |     6 ||    14
         Animate Dead      |       |       |     2 ||     2
         Agony             |       |       |     1 ||     1
    Use: Potion            |       |     1 |     1 ||     2
   Stab: Sleeping          |     1 |       |       ||     1
 Armour: Robe              |    12 |    13 |    30 ||    55
  Dodge: Dodged            |    13 |    10 |    29 ||    52

Table legend: (Time is in decaauts)
 A = Elapsed time spent in this place.
 B = Non-inter-level travel time spent in this place.
 C = Inter-level travel time spent in this place.
 D = Time resting spent in this place.
 E = Time spent auto-exploring this place.
 F = Levels seen in this place.
 G = Mean time per level.
                   A        B        C        D        E       F      G
               +--------+--------+--------+--------+--------+-----+--------+
         Total |   4573 |   4494 |     79 |    222 |   3653 |   5 |  914.6 |
       Dungeon |   4573 |   4494 |     79 |    222 |   3653 |   5 |  914.6 |
               +--------+--------+--------+--------+--------+-----+--------+

Top non-repeatable levels by time:
     D:1: 1016 daAuts
     D:3: 1006 daAuts
     D:4: 944 daAuts
     D:2: 845 daAuts
     D:5: 759 daAuts
